 Dungeon Crawl Stone Soup version 0.23.2-1-ga50397a (webtiles) character file.

Game seed: 687806897844167883

88 Fang the Skirmisher (level 4, -8/29 HPs)
             Began as a Gargoyle Berserker on May 10, 2019.
             Was a Believer of Trog.
             Killed from afar by an orc wizard (11 damage)
             ... with a puff of frost
             ... on level 3 of the Dungeon.
             The game lasted 00:01:25 (2042 turns).

Fang the Skirmisher (Gargoyle Berserker)            Turns: 2042, Time: 00:01:25

Health: -8/29      AC:  5    Str: 21    XL:     4   Next: 53%
Magic:  4/4        EV: 12    Int:  8    God:    Trog [**....]
Gold:   136        SH:  0    Dex:  9    Spells: 3/3 levels left

rFire    . . .     SeeInvis .   a - +0 hand axe
rCold    . . .     Gourm    .   (no shield)
rNeg     + . .     Faith    .   b - +0 animal skin
rPois    ∞         Spirit   .   (no helmet)
rElec    +         Reflect  .   (no cloak)
rCorr    .         Harm     .   (no gloves)
MR       .....                  (no boots)
Stlth    +.........             (no amulet)
HPRegen  0.09/turn              (no ring)
MPRegen  0.09/turn              (no ring)

@: berserk cooldown, slowed, very slow
A: negative energy resistance 1, electricity resistance, unbreathing,
petrification resistance, rot immunity, AC +3
a: Berserk, Trog's Hand, Renounce Religion


You were on level 3 of the Dungeon.
You worshipped Trog.
Trog was pleased with you.
You were hungry.

You visited 1 branch of the dungeon, and saw 3 of its levels.

You collected 136 gold pieces.

Inventory:

Hand Weapons
 a - a +0 hand axe (weapon)
Armour
 b - a +0 animal skin (worn)
Scrolls
 d - 2 scrolls of teleportation {unknown}
 e - a scroll of identify {unknown}
 f - a scroll of fog {unknown}
 h - 2 scrolls of noise {unknown}
 k - a scroll of remove curse {unknown}
Potions
 i - a potion of curing {unknown}
 j - a potion of heal wounds {unknown}
 l - 2 potions of flight {unknown}
Comestibles
 c - 5 rations


   Skills:
 + Level 3.9 Fighting
 + Level 3.3 Axes
 + Level 3.1 Armour
 + Level 2.3 Dodging


You had 3 spell levels left.
You didn't know any spells.
Your spell library was empty.

Dungeon Overview and Level Annotations

Branches:
Dungeon (3/15)

Altars:


Innate Abilities, Weirdness & Mutations

You are resistant to torment.
Your stone body is resilient. (AC +3)
You are immune to poison.
You resist negative energy. (rN+)
You are resistant to electric shocks. (rElec)
You can survive without breathing.
You are immune to petrification.
You are immune to rotting.


Message History

The orc wizard hits you but does no damage.
You hit the orc wizard.
The orc wizard is lightly wounded.
The adder closely misses you.
The orc wizard points at you and mumbles some strange words.
The puff of frost misses you. The adder closely misses you.
A goblin comes into view.
The goblin shouts!
You hear a shout! x2
The orc misses you. The adder closely misses you.
The orc wizard hits you with a +0 dagger.
* * * LOW HITPOINT WARNING * * *
The orc hits you but does no damage. The adder bites you but does no damage.
The goblin moves out of view.
You hit the orc.
The orc is heavily wounded.
You barely miss the orc wizard. You hit the adder.
You hit the orc but do no damage. The orc wizard casts a spell at you.
The puff of frost hits you!
You die...

.##+# #....# #....# .
###....# .. ......#
... #######.#.#####
.... ...............
.....
########.#.#####......
#..........).)@o....#
#.#####...#..oSo#...#
#...#...#.....# ...
#.......#.....# #
###.#..##.....#
...#..##.....#
#####..##.......
#########..##.....#.
...((((....#


You could see an orc wizard, an adder and 2 orcs.

Vanquished Creatures
  3 adders (D:2)
  A worm (D:2)
  3 dart slugs
  2 leopard geckos
  5 orcs (D:3)
  A bat (D:2)
  4 giant cockroaches (D:1)
  2 hobgoblins (D:1)
  3 jackals (D:3)
  9 kobolds
  A quokka (D:2)
  2 frilled lizards (D:2)
  3 goblins (D:2)
  5 rats
44 creatures vanquished.

Notes
Turn   | Place    | Note
-------+----------+-------------------------------------------
     0 | D:1      | Fang the Gargoyle Berserker began the quest for the Orb.
     0 | D:1      | Reached XP level 1. HP: 14/14 MP: 1/1
   327 | D:1      | Reached XP level 2. HP: 17/19 MP: 2/2
   962 | D:2      | Reached XP level 3. HP: 19/24 MP: 3/3
  1226 | D:2      | Reached XP level 4. HP: 12/29 MP: 4/4
  1782 | D:2      | Reached ** piety under Trog
  2042 | D:3      | Killed from afar by an orc wizard

Skill      XL: |  1  2  3 |
---------------+----------+-----
Axes           | 3 |  3.3
Dodging        | 2 |  2.3
Armour         | 3 |  3.1
Fighting       | |  3.9

Action                   |  1- 3 |  4- 6 || total
-------------------------+-------+-------++-------
Melee: Hand axe          |    88 |    50 ||   138
Invok: Berserk           |     1 |     1 ||     2
 Stab: Sleeping          |     1 |       ||     1
  Eat: Chunk             |     1 |     4 ||     5
Armor: Animal skin       |    30 |    23 ||    53
Dodge: Dodged            |    46 |    38 ||    84
